Map: [ESL] Ancient Cistern

Players

Classic

  • Race: Protoss Protoss
  • Spawn Location: 1:00

Kelazhur - Winner!

  • Race: Terran Terran
  • Spawn Location: 7:00

Event: ESL SC2 Masters 2023 Summer (Finals)

VOD

Have the link to the VOD?

Description

Time

  • Played on: June 16, 2023, 11:59 a.m.
  • Length: 15:47

All games in this series

Show
View Real Time Build Order
Export as new Build Order

Classic Protoss 

Build Orders: 1 Gate Expand, Blink Stalkers 

Get SALT Encoding   

  12  0:00  Probe  
  13  0:12  Probe  
  14  0:17  Pylon  
  14  0:24  Probe  
  15  0:35  Gateway  
  15  0:36  Probe (Chrono Boost)  
  16  0:45  Probe (Chrono Boost)  
  16  0:46  Assimilator  
  17  0:51  Probe (Chrono Boost)  
  18  1:03  Probe  
  19  1:21  Zealot (Chrono Boost)  
  19  1:22  Cybernetics Core  
  21  1:33  Nexus  
  21  1:40  Pylon  
  21  1:43  Probe  
  22  1:47  Assimilator  
  22  1:55  Probe  
  22  1:58  Adept (Chrono Boost)  
  22  2:00  Warp Gate  
  25  2:07  Probe  
  26  2:19  Probe  
  26  2:20  Twilight Council  
  26  2:21  Adept (Chrono Boost)  
  29  2:31  Probe  
  31  2:45  Probe (Chrono Boost)  
  31  2:48  Probe (Chrono Boost)  
  32  2:55  Probe (Chrono Boost)  
  32  2:57  Blink  
  32  2:58  Probe (Chrono Boost)  
  34  3:00  Probe (Chrono Boost)  
  35  3:07  Probe  
  35  3:12  Probe, Gateway  
  37  3:15  Gateway  
  37  3:19  Probe  
  38  3:22  Stalker (Chrono Boost)  
  38  3:27  Shield Battery  
  38  3:30  Probe  
  38  3:31  Probe  
  36  3:42  Probe  
  36  3:44  Probe  
  36  3:46  Pylon  
  38  3:52  Stalker  
  38  3:54  Probe  
  41  3:56  Probe  
  38  4:07  Probe (Chrono Boost)  
  38  4:08  Probe (Chrono Boost)  
  38  4:10  Stalker x2  
  42  4:19  Probe (Chrono Boost)  
  42  4:20  Probe (Chrono Boost)  
  42  4:21  Robotics Facility  
  44  4:25  Probe x2 (Chrono Boost)  
  46  4:33  Probe  
  46  4:34  Probe  
  46  4:36  Pylon  
  48  4:39  Assimilator  
  48  4:45  Probe  
  49  4:46  Probe  
  49  4:57  Probe  
  49  4:58  Probe  
  51  5:05  Assimilator  
  51  5:08  Observer (Chrono Boost)  
  51  5:11  Probe x2  
  53  5:21  Observer (Chrono Boost)  
  53  5:23  Stalker x2  
  53  5:28  Probe x2  
  58  5:34  Robotics Bay  
  58  5:36  Pylon  
  58  5:40  Probe  
  59  5:44  Probe  
  60  5:52  Nexus  
  60  5:57  Sentry x2  
  62  5:58  Observer  
  62  6:01  Probe  
  62  6:03  Probe  
  66  6:05  Pylon  
  66  6:14  Probe  
  66  6:15  Probe  
  66  6:16  Observer  
  68  6:19  Colossus (Chrono Boost)  
  68  6:23  Extended Thermal Lance  
  74  6:26  Pylon  
  74  6:27  Probe x2  
  76  6:34  Charge  
  76  6:38  Pylon  
  76  6:39  Probe x2  
  78  6:44  Sentry  
  80  6:48  Gateway  
  80  6:51  Probe, Gateway  
  81  6:55  Colossus (Chrono Boost)  
  87  7:05  Probe x2  
  87  7:07  Probe, Gateway  
  90  7:12  Gateway  
  90  7:17  Pylon  
  90  7:20  Probe x3  
  92  7:24  Zealot  
  92  7:25  Zealot  
  92  7:26  Zealot  
  98  7:32  Pylon  
  98  7:35  Colossus (Chrono Boost)  
  104  7:44  Shield Battery  
  104  7:48  Shield Battery  
  104  7:53  Zealot x5  
  104  7:56  Pylon  
  114  8:01  Forge  
  114  8:03  Pylon  
  114  8:06  Pylon  
  114  8:13  Zealot x5  
  114  8:16  Stalker  
  106  8:31  Stalker  
  83  8:36  Zealot x2  
  83  8:39  Stalker  
  84  8:42  Protoss Ground Weapons Level 1 (Chrono Boost)  
  84  8:47  Sentry x3  
  85  8:59  Shield Battery  
  85  9:01  Zealot x3  
  89  9:06  Sentry  
  87  9:11  Probe x3  
  87  9:13  Zealot  
  87  9:14  Zealot x2  
  92  9:18  Disruptor (Chrono Boost)  
  95  9:25  Stalker x2  
  93  9:32  Zealot x2  
  93  9:35  Zealot x2  
  93  9:40  Zealot  
  93  9:44  Observer  
  95  9:48  Disruptor  
  95  9:51  Zealot x2  
  102  9:58  Zealot  
  102  9:59  Zealot x3  
  98  10:04  Zealot  
  76  10:17  Zealot x2  
  71  10:24  Zealot x4  
  71  10:25  Zealot  
  77  10:33  Disruptor (Chrono Boost)  
  71  10:38  Protoss Ground Weapons Level 2 (Chrono Boost)  
  74  10:43  Assimilator  
  74  10:50  Zealot x5  
  74  10:56  Stalker x2  
  88  11:04  Disruptor (Chrono Boost)  
  88  11:09  Probe x3  
  91  11:15  Robotics Facility  
  91  11:22  Probe  
  91  11:23  Probe x2  
  94  11:32  Nexus  
  84  11:35  Observer  
  85  11:40  Stalker  
  85  11:41  Stalker x5  
  85  11:43  Zealot  
  99  11:58  Disruptor (Chrono Boost)  
  99  11:59  Disruptor (Chrono Boost)  
  102  12:07  Zealot x6  
  117  12:15  Stalker  
  105  12:28  Disruptor  
  108  12:30  Disruptor  
  108  12:33  Pylon  
  111  12:44  Zealot x6  
  115  12:47  Zealot  
  106  13:04  Disruptor  
  104  13:05  Disruptor  
  104  13:10  Stalker x6  
  107  13:16  Zealot  
  79  13:33  Zealot x2  
  79  13:34  Zealot x4  
  82  13:39  Probe  
  82  13:40  Probe x2  
  83  13:45  Disruptor (Chrono Boost)  
  86  13:51  Disruptor (Chrono Boost)  
  87  14:01  Stalker x2  
  87  14:08  Stalker x2  
  91  14:10  Disruptor (Chrono Boost)  
  91  14:16  Disruptor (Chrono Boost)  
  97  14:31  Probe  
  97  14:32  Probe  
  97  14:33  Stalker x2  
  97  14:36  Stalker  
  105  14:42  Observer  
  104  14:46  Observer  
  97  15:00  Stalker x3  
  103  15:08  Zealot  
  103  15:09  Zealot x2  
  107  15:18  Zealot  
  96  15:27  Zealot x3  
  84  15:30  Zealot x2  
  84  15:34  Zealot  
Show
View Real Time Build Order
Export as new Build Order

Kelazhur Terran - Winner!

Build Orders:  

Get SALT Encoding   

  12  0:00  SCV  
  13  0:12  SCV  
  14  0:16  Supply Depot  
  14  0:24  SCV  
  15  0:38  SCV  
  15  0:39  Barracks  
  15  0:42  Refinery  
  16  0:50  SCV  
  17  1:02  SCV  
  18  1:14  SCV  
  19  1:26  Orbital Command, Barracks Reactor  
  19  1:37  Command Center  
  19  1:46  Supply Depot  
  19  1:52  SCV  
  20  2:03  Marine x2  
  20  2:05  Factory  
  20  2:07  SCV  
  23  2:15  Refinery  
  23  2:20  SCV, Marine  
  23  2:21  Marine  
  26  2:32  SCV  
  27  2:38  Marine x2  
  27  2:44  SCV  
  30  2:49  Starport  
  30  2:52  Orbital Command  
  30  2:56  SCV  
  31  3:02  Hellion  
  31  3:03  Hellion  
  35  3:08  SCV  
  35  3:12  Barracks Tech Lab  
  36  3:19  SCV  
  37  3:20  SCV  
  37  3:23  Widow Mine  
  37  3:25  Widow Mine  
  42  3:31  SCV  
  43  3:36  Medivac  
  43  3:38  SCV, Armory  
  44  3:43  SCV  
  44  3:44  Supply Depot  
  45  3:51  SCV  
  46  3:58  SCV  
  46  4:03  SCV  
  46  4:11  Medivac  
  46  4:16  SCV x2  
  46  4:21  Barracks x2  
  46  4:22  Bunker  
  46  4:24  Siege Tank  
  49  4:28  SCV x2  
  49  4:29  Marine x2  
  53  4:39  Supply Depot  
  53  4:40  SCV  
  53  4:41  Engineering Bay  
  54  4:53  Bunker, Starport Tech Lab  
  54  5:00  Marine x2, Siege Tank, SCV x2  
  54  5:03  Supply Depot  
  61  5:11  Barracks Tech Lab x2  
  61  5:12  SCV  
  62  5:17  Supply Depot  
  62  5:19  Marine x2, SCV  
  65  5:24  SCV  
  65  5:26  Marauder  
  66  5:31  SCV  
  66  5:32  Siege Tank  
  66  5:33  Refinery  
  66  5:34  Engineering Bay, Refinery  
  66  5:35  Supply Depot  
  66  5:37  Stimpack, SCV  
  66  5:38  Marauder  
  66  5:41  Marine x2  
  71  5:43  SCV  
  71  5:47  Supply Depot  
  71  5:49  SCV  
  73  5:51  Marauder  
  73  5:56  SCV  
  76  6:00  Barracks, Marauder, Marine  
  76  6:01  Barracks, SCV, Marine  
  81  6:08  SCV  
  82  6:12  Marauder  
  82  6:13  Combat Shield  
  82  6:15  Starport Reactor  
  82  6:17  SCV  
  85  6:20  SCV  
  85  6:22  Supply Depot  
  85  6:23  Terran Infantry Weapons Level 1, Missile Turret  
  86  6:26  Factory Reactor  
  86  6:30  Marine x2  
  86  6:31  Marauder  
  90  6:37  Supply Depot  
  90  6:39  Marauder  
  92  6:48  Marine  
  92  6:49  Marine, Barracks Reactor  
  92  6:54  Liberator x2  
  97  6:57  Marine  
  97  6:59  Supply Depot  
  97  7:00  Marine  
  97  7:01  Supply Depot  
  102  7:03  Marine  
  102  7:04  Concussive Shells  
  102  7:06  Widow Mine x2  
  102  7:07  Marine x2  
  109  7:11  Supply Depot  
  109  7:15  Marauder  
  111  7:22  Marauder x2  
  114  7:25  Marine x3  
  114  7:29  Widow Mine  
  119  7:35  Command Center  
  119  7:43  Marauder x2  
  123  7:47  Widow Mine, Medivac x2  
  123  7:50  Widow Mine  
  131  7:55  Marine x2  
  133  8:00  Supply Depot  
  133  8:01  Supply Depot  
  133  8:02  Marine  
  133  8:03  Barracks Tech Lab  
  133  8:05  Marauder  
  136  8:07  Supply Depot  
  136  8:08  SCV  
  136  8:17  Marine, Marauder  
  139  8:26  Marauder  
  135  8:28  Marauder  
  135  8:30  Medivac x2  
  127  8:35  Widow Mine x2  
  127  8:36  SCV  
  119  8:43  Marine  
  119  8:44  Marine x3, Marauder  
  119  8:45  Terran Infantry Weapons Level 2  
  119  8:47  Marauder  
  122  8:56  Marauder  
  122  9:01  Viking x2  
  128  9:05  Marauder  
  125  9:12  Marauder  
  125  9:16  Marine x2  
  125  9:17  Marine  
  129  9:22  Marauder  
  132  9:29  Marauder  
  130  9:34  Marauder  
  130  9:38  Viking x2  
  126  9:39  Orbital Command  
  126  9:40  SCV  
  126  9:43  Marauder  
  129  9:48  Marine x2  
  129  9:51  Marauder  
  131  9:58  Marauder  
  120  10:03  Marine x2  
  120  10:05  Marauder  
  110  10:09  Marine x2  
  110  10:12  Marauder  
  103  10:20  Widow Mine x2, Marauder  
  106  10:22  Marine  
  106  10:23  Marine  
  106  10:26  Marauder  
  106  10:27  Marine  
  107  10:30  Medivac x2  
  107  10:34  Marauder  
  109  10:39  SCV x3  
  109  10:40  Ghost Academy  
  109  10:41  Refinery x2  
  112  10:44  Marine x3, Marauder  
  112  10:45  Marine  
  118  10:52  Marauder  
  118  10:55  Marauder  
  122  11:00  Widow Mine x2  
  122  11:01  Marine  
  122  11:02  Marine  
  128  11:05  Marauder  
  128  11:06  Marine x2  
  132  11:13  Command Center  
  132  11:14  Marauder  
  132  11:16  Terran Infantry Weapons Level 3, Marauder  
  136  11:19  Marine  
  136  11:21  Marine  
  136  11:24  Marine  
  136  11:25  Widow Mine  
  141  11:27  Marauder  
  141  11:32  Marine  
  144  11:35  Marauder  
  144  11:36  Liberator x2  
  144  11:37  Marine  
  153  11:43  Marine x2, Marauder  
  153  11:45  Supply Depot  
  157  11:47  Ghost  
  159  11:56  Ghost  
  159  12:00  SCV x3  
  164  12:02  Marine  
  164  12:04  Supply Depot, Ghost  
  165  12:15  Marine  
  165  12:16  Marine x2, Ghost  
  166  12:23  Widow Mine x2  
  166  12:24  Ghost  
  172  12:31  Planetary Fortress  
  172  12:33  SCV x2, Missile Turret  
  172  12:35  SCV  
  175  12:40  Marine x3, Marauder  
  175  12:42  Medivac  
  181  12:48  Marine  
  181  12:49  Marauder  
  165  13:03  Marine x2  
  165  13:04  Marauder  
  166  13:06  Widow Mine x2, Medivac  
  159  13:16  Marauder  
  144  13:21  Marine x2  
  144  13:22  Marauder  
  144  13:25  Marauder  
  133  13:28  Marine x2  
  132  13:34  SCV  
  132  13:35  Barracks  
  132  13:36  Barracks  
  132  13:37  Barracks  
  132  13:38  Marauder  
  132  13:39  Liberator, Marine  
  132  13:41  Marine  
  135  13:43  Liberator  
  135  13:46  Marauder  
  135  13:50  Marauder  
  135  13:52  Marine x2  
  139  13:59  Marine x2, Marauder  
  139  14:07  Widow Mine  
  139  14:08  Widow Mine, Marauder  
  145  14:16  Marine x3, Marauder  
  149  14:18  Command Center  
  149  14:20  Marauder  
  152  14:26  Barracks Tech Lab x3  
  152  14:27  Liberator x2, Marine  
  152  14:29  Marauder  
  152  14:31  Widow Mine x2  
  165  14:34  Marine  
  166  14:40  Marauder  
  166  14:43  Marauder  
  166  14:45  Marauder x2  
  172  14:50  Marine x2  
  172  14:52  Widow Mine  
  163  15:03  Marauder  
  163  15:04  Widow Mine  
  167  15:10  Marauder  
  167  15:11  Marauder  
  167  15:13  Widow Mine, Marine, Marauder  
  182  15:17  Marauder  
  172  15:25  Widow Mine  
  172  15:26  Marauder  
  172  15:28  Marine x3  
Tags
 
Add a new tag
Caveats
  • Supply blocks, unpowered buildings, or Contaminate may cause inaccurate times.
  • Supply counts are checked every 10 seconds.